3A
HARRISBURG HARRIERS @ ALAMEDA AIRMEN
08/22/2020
 
TOP OF THE 1ST
Harrisburg Harriers batting - Pitching for Alameda Airmen : LHP José Sandoval
Pitching: LHP José Sandoval
Batting: RHB Bartolo Morales 0-0: Ground out 5-3 (Groundball, 15S)
Batting: LHB Eric Porter 0-0: Ball
1-0: Ball
2-0: Ball
3-0: Called Strike
3-1: Foul Ball, location: 2F
3-2: Foul Ball, location: 2F
3-2: Ground out 4-3 (Groundball, 4)
Batting: RHB Keith MacKey 0-0: Swinging Strike
0-1: Ground out 1-3 (Groundball, 13)
Top of the 1st over - 0 run(s), 0 hit(s), 0 error(s), 0 left on base; Harrisburg 0 - Alameda 0
BOTTOM OF THE 1ST
Alameda Airmen batting - Pitching for Harrisburg Harriers : LHP Jeff Schneider
Pitching: LHP Jeff Schneider
Batting: RHB Edgar García 0-0: Ball
1-0: Swinging Strike
1-1: Ball
2-1: Ball
3-1: Foul Ball, location: 2F
3-2: Ground out 6-3 (Groundball, 6)
Batting: RHB António Delgado 0-0: SINGLE (Line Drive, 6MD)
Batting: RHB William Miles 0-0: Ball
Passed Ball!
António Delgado to second
1-0: Ground out U3 (Groundball, 3S)
António Delgado to third
Batting: RHB Manuel Martínez 0-0: Called Strike
0-1: Ball
1-1: Called Strike
1-2: Strikes out swinging
Bottom of the 1st over - 0 run(s), 1 hit(s), 0 error(s), 1 left on base; Harrisburg 0 - Alameda 0
TOP OF THE 2ND
Harrisburg Harriers batting - Pitching for Alameda Airmen : LHP José Sandoval
Batting: RHB Martín Álvarez 0-0: Called Strike
0-1: Ball
1-1: Swinging Strike
1-2: Strikes out swinging
Batting: RHB Patrizio Vanali 0-0: Ball
1-0: Called Strike
1-1: Foul Ball, location: 2F
1-2: Ground out 5-3 (Groundball, 5S)
Batting: RHB Bartolo Benítez 0-0: Fly out, F4 (Popup, 4)
Top of the 2nd over - 0 run(s), 0 hit(s), 0 error(s), 0 left on base; Harrisburg 0 - Alameda 0
BOTTOM OF THE 2ND
Alameda Airmen batting - Pitching for Harrisburg Harriers : LHP Jeff Schneider
Batting: RHB Gabriel Juárez 0-0: Called Strike
0-1: Ball
1-1: Ball
2-1: Ground out 3-1 (Groundball, 34)
Batting: RHB Marco Altichioro 0-0: Called Strike
0-1: Fly out, F9 (Flyball, 89M)
Batting: RHB Manny Rodríguez 0-0: Called Strike
0-1: Ball
1-1: Called Strike
1-2: Foul Ball, location: 2F
1-2: Strikes out swinging
Bottom of the 2nd over - 0 run(s), 0 hit(s), 0 error(s), 0 left on base; Harrisburg 0 - Alameda 0
TOP OF THE 3RD
Harrisburg Harriers batting - Pitching for Alameda Airmen : LHP José Sandoval
Batting: RHB Jim Scott 0-0: Fly out, F7 (Line Drive, 7M)
Batting: RHB Mike Greene 0-0: Ball
1-0: Foul Ball, location: 2F
1-1: Ball
2-1: SINGLE (Groundball, 4D)
Batting: RHB Jim Unknown 0-0: Ball
1-0: Ball
2-0: Fly out, F7 (Line Drive, 7M)
Batting: RHB Bartolo Morales 0-0: Ball
1-0: Ball
2-0: Ground out 5-3 (Groundball, 56)
Top of the 3rd over - 0 run(s), 1 hit(s), 0 error(s), 1 left on base; Harrisburg 0 - Alameda 0
BOTTOM OF THE 3RD
Alameda Airmen batting - Pitching for Harrisburg Harriers : LHP Jeff Schneider
Batting: RHB Miguel Torres 0-0: Called Strike
0-1: Ground out 6-3 (Groundball, 6M)
Batting: RHB José Cervantes 0-0: Fly out, F5 (Line Drive, 5S)
Batting: RHB Edgar García 0-0: Called Strike
0-1: Ball
1-1: Ball
2-1: Called Strike
2-2: Foul Ball, location: 2F
2-2: SINGLE (Line Drive, 9S)
Batting: RHB António Delgado 0-0: Ball
1-0: Ball
2-0: Reached on error, E5 (Groundball, 56)
Edgar García to second
Batting: RHB William Miles 0-0: Foul Ball, location: 2F
0-1: Ball
1-1: Called Strike
1-2: Strikes out swinging
Bottom of the 3rd over - 0 run(s), 1 hit(s), 1 error(s), 2 left on base; Harrisburg 0 - Alameda 0
TOP OF THE 4TH
Harrisburg Harriers batting - Pitching for Alameda Airmen : LHP José Sandoval
Batting: LHB Eric Porter 0-0: Ball
1-0: Ball
2-0: Foul Ball, location: 2F
2-1: Ball
3-1: Called Strike
3-2: SINGLE (Groundball, 3D)
Batting: RHB Keith MacKey 0-0: Called Strike
0-1: Swinging Strike
0-2: Strikes out swinging
Batting: RHB Martín Álvarez 0-0: Ball
1-0: Called Strike
1-1: Fly out, F7 (Flyball, 7S)
Batting: RHB Patrizio Vanali 0-0: Ball
1-0: Swinging Strike
1-1: Ball
2-1: Foul Ball, location: 2F
2-2: Ball
3-2: Foul Ball, location: 2F
3-2: SINGLE (Line Drive, 4MD)
Eric Porter to second
Eric Porter to third
Batting: RHB Bartolo Benítez 0-0: Ball
1-0: Ball
2-0: Ball
3-0: Base on Balls
Patrizio Vanali to second
Batting: RHB Jim Scott 0-0: Ball
1-0: Ball
2-0: Called Strike
2-1: Called Strike
2-2: Fly out, F8 (Flyball, 8LS)
Top of the 4th over - 0 run(s), 2 hit(s), 0 error(s), 3 left on base; Harrisburg 0 - Alameda 0
BOTTOM OF THE 4TH
Alameda Airmen batting - Pitching for Harrisburg Harriers : LHP Jeff Schneider
Batting: RHB Manuel Martínez 0-0: SINGLE (Groundball, 4)
Batting: RHB Gabriel Juárez 0-0: Ball
1-0: Fly out, F8 (Flyball, 8RM)
Batting: RHB Marco Altichioro 0-0: Foul Ball, location: 2F
0-1: Grounds into double play, 6-4-3 (Groundball, 6)
Bottom of the 4th over - 0 run(s), 1 hit(s), 0 error(s), 0 left on base; Harrisburg 0 - Alameda 0
TOP OF THE 5TH
Harrisburg Harriers batting - Pitching for Alameda Airmen : LHP José Sandoval
Batting: RHB Mike Greene 0-0: Ball
1-0: Swinging Strike
1-1: Foul Ball, location: 2F
1-2: Foul Ball, location: 2F
1-2: Strikes out looking
Batting: RHB Jim Unknown 0-0: Ball
1-0: TRIPLE (Line Drive, 78M)
Batting: RHB Bartolo Morales 0-0: Fly out, F4 (Popup, 3D)
Batting: LHB Eric Porter 0-0: DOUBLE (Line Drive, 3L)
Jim Unknown scores
Batting: RHB Keith MacKey 0-0: Ball
1-0: Called Strike
1-1: Ball
2-1: Ground out 6-3 (Groundball, 6)
Top of the 5th over - 1 run(s), 2 hit(s), 0 error(s), 1 left on base; Harrisburg 1 - Alameda 0
BOTTOM OF THE 5TH
Alameda Airmen batting - Pitching for Harrisburg Harriers : LHP Jeff Schneider
Batting: RHB Manny Rodríguez 0-0: Ground out 4-3 (Groundball, 4)
Batting: RHB Miguel Torres 0-0: Ball
1-0: Ball
2-0: Called Strike
2-1: Ground out 6-3 (Groundball, 6)
Batting: RHB José Cervantes 0-0: Foul Ball, location: 2F
0-1: Swinging Strike
0-2: Ball
1-2: Strikes out swinging, 2-3 out at first.
Bottom of the 5th over - 0 run(s), 0 hit(s), 0 error(s), 0 left on base; Harrisburg 1 - Alameda 0
TOP OF THE 6TH
Harrisburg Harriers batting - Pitching for Alameda Airmen : LHP José Sandoval
Batting: RHB Martín Álvarez 0-0: SINGLE (Groundball, 56)
Batting: RHB Patrizio Vanali 0-0: Grounds into double play, 4-6-3 (Groundball, 4)
Batting: RHB Bartolo Benítez 0-0: Called Strike
0-1: Ball
1-1: Foul Ball, location: 2F
1-2: Ball
2-2: Strikes out swinging
Top of the 6th over - 0 run(s), 1 hit(s), 0 error(s), 0 left on base; Harrisburg 1 - Alameda 0
BOTTOM OF THE 6TH
Alameda Airmen batting - Pitching for Harrisburg Harriers : LHP Jeff Schneider
Batting: RHB Edgar García 0-0: Called Strike
0-1: Bunt for hit - play at first, batter OUT! 2-3
Batting: RHB António Delgado 0-0: Ball
1-0: Ball
2-0: Called Strike
2-1: Called Strike
2-2: SINGLE (Groundball, 6MD)
Batting: RHB William Miles 0-0: Foul Ball, location: 2F
0-1: Swinging Strike
0-2: SINGLE (Line Drive, 4MD)
António Delgado to second
Batting: RHB Manuel Martínez 0-0: Ball
1-0: Called Strike
1-1: SINGLE (Line Drive, 6M)
António Delgado to third
William Miles to second
Batting: RHB Gabriel Juárez 0-0: Ball
1-0: Foul Ball, location: 2F
1-1: Ball
2-1: Ball
3-1: Called Strike
3-2: Base on Balls
António Delgado scores
William Miles to third
Manuel Martínez to second
Batting: RHB Marco Altichioro 0-0: Foul Ball, location: 2F
0-1: Foul Ball, location: 2F
0-2: Grounds into double play, 3-6-3 (Groundball, 3)
Bottom of the 6th over - 1 run(s), 3 hit(s), 0 error(s), 2 left on base; Harrisburg 1 - Alameda 1
TOP OF THE 7TH
Harrisburg Harriers batting - Pitching for Alameda Airmen : LHP José Sandoval
Pinch Hitting: RHB Stephen Blair 0-0: Ball
1-0: Swinging Strike
1-1: Swinging Strike
1-2: Ball
2-2: Ball
3-2: Foul Ball, location: 2F
3-2: Foul Ball, location: 2F
3-2: Foul Ball, location: 2F
3-2: Base on Balls
Batting: RHB Mike Greene 0-0: Bunted foul
0-1: Ball
1-1: Sac Bunt - play at first, batter OUT! 1-4
Stephen Blair to second
Batting: RHB Jim Unknown 0-0: Ball
1-0: Called Strike
1-1: Foul Ball, location: 2F
1-2: Foul Ball, location: 2F
1-2: Ball
2-2: Ground out 6-3 (Groundball, 6M)
Stephen Blair to third
Batting: RHB Bartolo Morales 0-0: Ball
1-0: Ball
2-0: Called Strike
2-1: Fly out, F9 (Flyball, 89M)
Top of the 7th over - 0 run(s), 0 hit(s), 0 error(s), 1 left on base; Harrisburg 1 - Alameda 1
BOTTOM OF THE 7TH
Alameda Airmen batting - Pitching for Harrisburg Harriers : LHP Jeff Schneider
Now in RF: Stephen Blair
Batting: RHB Manny Rodríguez 0-0: Ball
1-0: Called Strike
1-1: SINGLE (Groundball, 6MD)
Batting: RHB Miguel Torres 0-0: Sac Bunt - play at second, runner OUT! 1-6
Pinch Hitting: RHB Jim Unknown 0-0: Ball
1-0: Foul Ball, location: 2F
1-1: Ball
2-1: Swinging Strike
2-2: Fly out, F9 (Flyball, 89M)
Batting: RHB Edgar García 0-0: Called Strike
0-1: Ball
1-1: Fielders Choice at 2nd, 6-4 (Groundball, 6)
Bottom of the 7th over - 0 run(s), 1 hit(s), 0 error(s), 0 left on base; Harrisburg 1 - Alameda 1
TOP OF THE 8TH
Harrisburg Harriers batting - Pitching for Alameda Airmen : LHP José Sandoval
Now at 3B: Jim Unknown
Batting: LHB Eric Porter 0-0: Ball
1-0: Ball
2-0: Called Strike
2-1: Ball
3-1: Ground out 4-3 (Groundball, 4M)
Batting: RHB Keith MacKey 0-0: Called Strike
0-1: Fly out, F8 (Line Drive, 8RM)
Batting: RHB Martín Álvarez 0-0: Called Strike
0-1: SINGLE (Line Drive, 34D)
Batting: RHB Patrizio Vanali 0-0: Called Strike
0-1: Hit by Pitch
Martín Álvarez to second
Pinch Hitting: RHB Robbie Chambers 0-0: Ground out 6-3 (Groundball, 6)
Top of the 8th over - 0 run(s), 1 hit(s), 0 error(s), 2 left on base; Harrisburg 1 - Alameda 1
BOTTOM OF THE 8TH
Alameda Airmen batting - Pitching for Harrisburg Harriers : LHP Jeff Schneider
Now at 2B: Robbie Chambers
Pinch Hitting: SHB Burton Storey 0-0: Fly out, F8 (Line Drive, 8LM)
Batting: RHB William Miles 0-0: Called Strike
0-1: Swinging Strike
0-2: Ground out 6-3 (Groundball, 6)
Batting: RHB Manuel Martínez 0-0: Ground out 5-3 (Groundball, 56)
Bottom of the 8th over - 0 run(s), 0 hit(s), 0 error(s), 0 left on base; Harrisburg 1 - Alameda 1
TOP OF THE 9TH
Harrisburg Harriers batting - Pitching for Alameda Airmen : LHP José Sandoval
Now in RF: Jim Unknown
Batting: RHB Stephen Blair 0-0: Foul Ball, location: 2F
0-1: Hit by Pitch
Pitching: RHP Júlio Maes
Batting: RHB Mike Greene 0-0: Sac Bunt - play at first, batter OUT! 1-4
Stephen Blair to second
Batting: RHB Jim Unknown 0-0: Ball
1-0: Swinging Strike
1-1: Ball
2-1: Fly out, F9 (Flyball, 9S)
Batting: RHB Bartolo Morales 0-0: Ball
1-0: Ball
2-0: Ball
3-0: Base on Balls
Batting: LHB Eric Porter 0-0: SINGLE (Groundball, 34)
Stephen Blair to third
Bartolo Morales to second
Runner from 3rd tries for Home, SAFE, no throw or cutoff
Batting: RHB Keith MacKey 0-0: Called Strike
0-1: Ball
1-1: Fly out, F8 (Flyball, 8LS)
Top of the 9th over - 1 run(s), 1 hit(s), 0 error(s), 2 left on base; Harrisburg 2 - Alameda 1
BOTTOM OF THE 9TH
Alameda Airmen batting - Pitching for Harrisburg Harriers : LHP Jeff Schneider
Batting: RHB Gabriel Juárez 0-0: Called Strike
0-1: Ball
1-1: Called Strike
1-2: Ground out 6-3 (Groundball, 6M)
Pinch Hitting: RHB Juan Márquez 0-0: Called Strike
0-1: Ball
1-1: Ball
2-1: Ground out 5-3 (Groundball, 56)
Batting: RHB Manny Rodríguez 0-0: SINGLE (Groundball, 6MD)
Pitching: RHP Bernardo Valdés
Batting: RHB Miguel Torres 0-0: SINGLE (Groundball, 6M)
Manny Rodríguez to second
Batting: RHB Jim Unknown 0-0: Ball
1-0: SINGLE (Line Drive, 89S)
Manny Rodríguez to third
Miguel Torres to second
Batting: RHB Edgar García 0-0: Swinging Strike
0-1: Foul Ball, location: 2F
0-2: Ball
1-2: Ball
2-2: Fly out, F7 (Flyball, 78M)
Bottom of the 9th over - 0 run(s), 3 hit(s), 0 error(s), 3 left on base; Harrisburg 2 - Alameda 1
This league is powered by Out of the Park Baseball, the baseball management simulation game for PC, Mac and Linux
Friday, October 23rd, 2015 - OOTP Baseball 16.9 Build 39